 Dungeon Crawl Stone Soup version 0.30-a0-1035-g38d5fb2972 (webtiles) character file.

Game seed: 4364194553457615794

8 cdice the Trooper (level 2, -1/31 HPs)
             Began as an Ogre Reaver on Apr 9, 2023.
             Slain by a kobold
             ... wielding a +0 whip
              (2 damage)
             ... on level 1 of the Dungeon.
             The game lasted 00:00:29 (291 turns).

cdice the Trooper (Ogre Reaver)                      Turns: 291, Time: 00:00:30

Health: -1/31      AC:  3    Str: 15    XL:     2   Next: 8%
Magic:  0/5        EV:  9    Int: 14    God:
Gold:   8          SH:  0    Dex:  7    Spells: 5/6 levels left

rFire   . . .      SeeInvis .    a - +0 falchion
rCold   . . .      Faith    .    (no shield)
rNeg    . . .      Spirit   +    b - +0 robe
rPois   .          Reflect  .    (helmet restricted)
rElec   .          Rampage  .    (no cloak)
rCorr   .                        (gloves unavailable)
Will    .....                    (boots unavailable)
Stlth   +                        d - amulet of guardian spirit
HPRegen 0.25/turn                (no ring)
MPRegen 0.09/turn                (no ring)

@: no status effects
A: large, unfitting armour, tough skin 1
a: no special abilities


You were on level 1 of the Dungeon.
You visited 1 branch of the dungeon, and saw 1 of its levels.

You collected 8 gold pieces.

Inventory:

Hand Weapons
 a - a +0 falchion (weapon)
Armour
 b - a +0 robe (worn)
Jewellery
 d - an amulet of guardian spirit (around neck)
Scrolls
 c - a scroll of blinking {unknown}


   Skills:
 * Level 3.0 Fighting
 - Level 2.6 Long Blades
 + Level 1.8 Dodging
 + Level 2.6 Spellcasting
 + Level 2.9 Conjurations


You had 5 spell levels left.
You knew the following spells:

 Your Spells              Type           Power      Damage    Failure   Level
a - Kiss of Death         Conj/Necr      20%        2d7       12%         1

Your spell library contained the following spells:

 Spells                   Type           Power      Damage    Failure   Level
 Momentum Strike          Conj/Tloc      10%        3d8       19%         2
 Hailstorm                Conj/Ice       5%         3d4       36%         3


Dungeon Overview and Level Annotations

Branches:
Dungeon (1/15)

Altars:


Innate Abilities, Weirdness & Mutations

You are too large for most types of armour.
You have tough skin. (AC +1)


Message History

The jackal barks!
You hear a shout!
The jackal barely misses you.
You closely miss the jackal. The jackal closely misses you.
A kobold comes into view. It is wielding a +0 whip.
The jackal barely misses you.
You barely miss the jackal.
A jackal comes into view.
The jackal closely misses you. The kobold hits you with a +0 whip.
You hit the jackal.
The jackal is almost dead.
The jackal bites you but does no damage. x2
The kobold hits you with a +0 whip.
* * * LOW HITPOINT WARNING * * *
You closely miss the jackal.
The jackal is almost dead.
The jackal bites you but does no damage.
The kobold hits you with a +0 whip.
* * * LOW HITPOINT WARNING * * *
The jackal barely misses you. The jackal bites you.
The jackal completely misses you.
You see here a quokka corpse.
The jackal attacks as you move away!
The jackal bites you but does no damage.
The jackal bites you but does no damage.
You see here a quokka corpse.
You closely miss the jackal. The jackal bites you.
* * * LOW HITPOINT WARNING * * *
The jackal barely misses you. The jackal closely misses you.
You aren't carrying any potions.
You closely miss the jackal. The jackal bites you.
* * * LOW HITPOINT WARNING * * *
You hit the jackal.
You kill the jackal!
The kobold hits you with a +0 whip.
* * * LOW HITPOINT WARNING * * *
You hit the kobold but do no damage. The kobold hits you with a +0 whip.
* * * LOW HITPOINT WARNING * * *
You closely miss the kobold. The kobold hits you with a +0 whip.
You die...

.... ..# #.###.#
#.# ####.....# #.#
#....##### ##.##
#.##.# ...#
##.##h# #..#
#..##K# #..#
#.###@# #..## #.#
#.# # #...# #.#
#.# # #.#.# #.#
#.# ## #.#.#####.#
#.# ≈#
#.#[.##...###.#
§###.##..>.......#
.'.#.#############
§§...#


You could see a jackal and a kobold.

Vanquished Creatures
  A goblin (D:1)
  A jackal (D:1)
  2 kobolds (D:1)
  A quokka (D:1)
  A bat (D:1)
  A rat (D:1)
7 creatures vanquished.

Notes
Turn   | Place    | Note
-------+----------+-------------------------------------------
     0 | D:1      | cdice the Ogre Reaver began the quest for the Orb.
     0 | D:1      | Reached XP level 1. HP: 22/22 MP: 3/3
   150 | D:1      | Reached skill level 3 in Fighting
   274 | D:1      | Reached XP level 2. HP: 15/31 MP: 2/5
   290 | D:1      | HP: 1/31 [kobold/+0 whip (2)]
   291 | D:1      | Slain by a kobold

Illustrated notes

Levels and vault maps discovered:
D:1:      lightli_molten_gateway, layout_basic

Skill      XL: |  1 |
---------------+----+-----
Fighting       | 3 |  3.0
Long Blades    | |  2.6
Dodging        | |  1.8
Spellcasting   | |  2.6
Conjurations   | |  2.9

Action                     || total
---------------------------++-------
  Melee: Falchion          ||    37
 Armour: Robe              ||    19
  Dodge: Dodged            ||    18

Table legend: (Time is in decaauts)
 A = Elapsed time spent in this place.
 B = Non-inter-level travel time spent in this place.
 C = Inter-level travel time spent in this place.
 D = Time resting spent in this place.
 E = Time spent auto-exploring this place.
 F = Levels seen in this place.
 G = Mean time per level.
                   A        B        C        D        E       F      G
               +--------+--------+--------+--------+--------+-----+--------+
         Total |    297 |    297 |      0 |      0 |    228 |   1 |  297.0 |
       Dungeon |    297 |    297 |      0 |      0 |    228 |   1 |  297.0 |
               +--------+--------+--------+--------+--------+-----+--------+

Top non-repeatable levels by time:
     D:1: 297 daAuts
